 Dungeon Crawl Stone Soup version 0.29.1-1-gd02db6906a (webtiles) character file.

Game seed: 14482843979026326958

19457 Zeld the Severer (level 12, -17/166 HPs)
             Began as a Minotaur Berserker on Oct 14, 2022.
             Was a High Priest of Trog.
             Demolished by a skeletal warrior
             ... wielding a +0 halberd
              (22 damage)
             ... on level 13 of the Dungeon.
             The game lasted 00:15:08 (13770 turns).

Zeld the Severer (Minotaur Berserker)              Turns: 13770, Time: 00:15:08

Health: -17/166    AC: 23    Str: 25    XL:     12   Next: 36%
Magic:  11/11      EV:  9    Int:  4    God:    Trog [*****.]
Gold:   2311       SH:  6    Dex: 12    Spells: 11/11 levels left

rFire   . . .      SeeInvis .   a - +9 broad axe (protect)
rCold   . . .      Faith    .   g - +0 kite shield
rNeg    . . .      Spirit   .   b - +0 plate armour
rPois   +          Reflect  .   (helmet restricted)
rElec   .          Harm     .   (no cloak)
rCorr   .          Rampage  .   (no gloves)
Will    .....                   L - +0 pair of boots
Stlth   ..........              j - amulet of regeneration
HPRegen 1.17/turn               F - ring of poison resistance
MPRegen 0.12/turn               (no ring)

@: berserking (expiring), under a protective aura, very quick
A: horns 2, retaliatory headbutt
a: Renounce Religion, Berserk, Trog's Hand, Brothers in Arms


You were on level 13 of the Dungeon.
You worshipped Trog.
Trog was extremely pleased with you.
You visited 2 branches of the dungeon, and saw 13 of its levels.
You also visited: Bailey.

You collected 2426 gold pieces.
You spent 115 gold pieces at shops.

Inventory:

Hand Weapons
 a - a +9 broad axe of protection (weapon)
Armour
 b - a +0 plate armour (worn)
 g - a +0 kite shield (worn)
 L - a +0 pair of boots (worn)
Jewellery
 j - an amulet of regeneration (around neck)
 F - a ring of poison resistance (left hand)
 H - a +6 ring of dexterity
Wands
 n - a wand of flame (7)
 D - a wand of polymorph (4)
 E - a wand of iceblast (1)
Scrolls
 c - 2 scrolls of enchant weapon
 e - 5 scrolls of teleportation
 f - 2 scrolls of fear
 l - 6 scrolls of enchant armour
 q - 2 scrolls of summoning
 s - 3 scrolls of poison
 t - a scroll of silence
 v - a scroll of vulnerability {unknown}
 x - 5 scrolls of blinking {unknown}
 C - 3 scrolls of magic mapping {unknown}
 I - a scroll of noise {unknown}
 J - 2 scrolls of fog {unknown}
Potions
 d - 2 potions of magic {unknown}
 h - 5 potions of invisibility {unknown}
 i - 4 potions of degeneration {unknown}
 k - a potion of ambrosia {unknown}
 m - a potion of berserk rage {unknown}
 o - 3 potions of flight {unknown}
 p - 5 potions of heal wounds {unknown}
 r - 5 potions of mutation {unknown}
 u - 4 potions of attraction {unknown}
 w - 5 potions of curing
 z - 2 potions of haste {unknown}
 A - 3 potions of lignification {unknown}
 B - a potion of cancellation {unknown}
 G - 3 potions of brilliance {unknown}
 K - 2 potions of might {unknown}


   Skills:
 + Level 11.7 Fighting
 * Level 15.8 Axes
 + Level 11.3 Armour
 + Level 10.4 Dodging


You had 11 spell levels left.
You didn't know any spells.
Your spell library was empty.

Dungeon Overview and Level Annotations

Branches:
Dungeon (11/15)            Temple (1/1) D:6            Lair (0/5) D:8
    Orc (0/2) D:11         Bailey (visited)

Altars:
Ashenzari
Cheibriados
Dithmenos
Elyvilon
Fedhas
Gozag
Hepliaklqana
Kikubaaqudgha
Makhleb
Nemelex Xobeh
Okawaru
Qazlal
Ru
Sif Muna
Trog
Uskayaw
Vehumet
Wu Jian
Xom
Yredelemnul
Zin
The Shining One

Shops:
D:3 *

Annotations:
D:7 1 runed translucent door, anonymouscript's ghost, novice DjFE


Innate Abilities, Weirdness & Mutations

You have a pair of horns on your head.
You reflexively headbutt those who attack you in melee.


Message History

Your headbutt misses the skeletal warrior.
The skeletal warrior is almost destroyed.
You slash the cyclops!
The skeletal warrior hits you with a +0 long sword!
* * * LOW HITPOINT WARNING * * *
Unknown command.
You barely miss the skeletal warrior.
The skeletal warrior is almost destroyed.
You closely miss the skeletal warrior. You completely miss the cyclops.
You block the cyclops's attack.
The skeletal warrior hits you with a +0 long sword!
* * * LOW HITPOINT WARNING * * *
The skeletal warrior hits you but does no damage.
You slice the skeletal warrior!!
You destroy the skeletal warrior!
Trog accepts your kill.
You hit the skeletal warrior. You slash the cyclops!
You kill the cyclops!
Trog accepts your kill.
Unknown command.
The skeletal warrior hits you with a +0 halberd.
* * * LOW HITPOINT WARNING * * *
The skeletal warrior hits you but does no damage.
You see here a +0 long sword.
You slash the skeletal warrior!
The skeletal warrior is lightly damaged.
You slash the skeletal warrior!
The skeletal warrior hits you with a +0 halberd!!
* * * LOW HITPOINT WARNING * * *
The skeletal warrior barely misses you.
Unknown command.
You slice the skeletal warrior!! You headbutt the skeletal warrior!
The skeletal warrior is severely damaged.
You closely miss the skeletal warrior.
Unknown command.
You barely miss the skeletal warrior. You headbutt the skeletal warrior!
The skeletal warrior is almost destroyed.
You closely miss the skeletal warrior.
The skeletal warrior hits you with a +0 halberd!!
You die...

## #........
##.##..........
.............##
.....#.......#
#...#.......#
###..........#
#######.....(...#
#...#.#......z##.#...
##............@z......
#...........$..#......
#.............## .....
#.............## ###.
##................
#.....#..........
#......#...........
##...............<.
##......#?........


You could see 2 skeletal warriors.

Vanquished Creatures
  A boulder beetle (D:11)
  2 centaur warriors (D:11)
  A two-headed ogre (D:8)
  3 skeletal warriors
  2 manticores (D:11)
  An ugly thing (D:11)
  5 cyclopes
  Psyche (D:8)
  A komodo dragon (D:10)
  2 unseen horror zombies (D:9)
  A freezing wraith (D:11)
  A queen bee (shapeshifter) (D:10)
  A slime creature (D:11)
  A shadow (D:11)
  A wraith (D:10)
  A centaur simulacrum (D:11)
  Grum (D:8)
  2 wyverns
  15 yaks
  2 basilisks (D:11)
  Edmund (D:6)
  An acid dragon (D:11)
  A water moccasin (D:6)
  7 orc warriors
  2 sky beasts
  2 black bears
  3 wolves (D:8)
  2 ogres (D:6)
  6 centaurs
  A phantom (D:5)
  2 gnoll sergeants
  3 kobold brigands
  2 bullfrogs
  2 necrophages
  2 wights (D:9)
  15 killer bees (D:9)
  9 howler monkeys
  4 hounds
  4 jellies
  10 orc priests
  3 centaur zombies (D:9)
  3 gnoll boudas
  A human zombie (D:9)
  An iguana (D:5)
  21 orc wizards
  A statue (D:11)
  A killer bee zombie (D:9)
  2 howler monkey zombies (D:9)
  9 adders
  32 gnolls
  8 river rats (D:5)
  2 shadow imps
  3 white imps
  An ufetubus (D:5)
  3 worms
  A dart slug (D:5)
  78 orcs
  8 ball pythons
  3 bat zombies (D:8)
  9 endoplasms
  2 giant cockroaches
  14 goblins
  7 hobgoblins
  23 kobolds
  12 quokkas
  5 bats
  2 frilled lizards
  17 rats
  A rat zombie (D:8)
397 creatures vanquished.

Vanquished Creatures (collateral kills)
  An orc warlord (Bailey)
  A basilisk (D:11)
  4 centaurs (D:11)
  A kobold brigand (D:11)
  A howler monkey (D:11)
  An orc wizard (D:11)
  2 orcs (Bailey)
11 creatures vanquished.

Vanquished Creatures (others)
  An orc (D:5)
  3 plants (D:3)
4 creatures vanquished.

Grand Total: 412 creatures vanquished

Notes
Turn   | Place    | Note
-------+----------+-------------------------------------------
     0 | D:1      | Zeld the Minotaur Berserker began the quest for the Orb.
     0 | D:1      | Reached XP level 1. HP: 19/19 MP: 0/0
   189 | D:1      | Reached XP level 2. HP: 20/27 MP: 1/1
   288 | D:1      | Reached skill level 4 in Axes
   959 | D:1      | Reached XP level 3. HP: 11/33 MP: 2/2
  1506 | D:2      | Found a faded altar of an unknown god.
  1530 | D:2      | Reached ** piety under Trog
  2302 | D:3      | Reached XP level 4. HP: 40/40 MP: 3/3
  2306 | D:3      | Reached skill level 5 in Axes
  3124 | D:3      | Reached XP level 5. HP: 46/47 MP: 4/4
  3146 | D:3      | Found a faded altar of an unknown god.
  3348 | D:3      | Found Zagebih's Assorted Antiques.
  3617 | D:3      | Bought an inky potion for 15 gold pieces
  3617 | D:3      | Bought a scroll labelled DEUPRYPNIN for 17 gold pieces
  3617 | D:3      | Bought a scroll labelled UDOCEG TUTILY for 17 gold pieces
  3617 | D:3      | Bought 2 scrolls labelled DEUPRYPNIN for 34 gold pieces
  3617 | D:3      | Bought a black potion for 15 gold pieces
  3617 | D:3      | Bought a scroll labelled YLADOCH UJET for 17 gold pieces
  3622 | D:3      | Found a snail-covered altar of Cheibriados.
  3874 | D:3      | Found the +7 Throatcutter {drain, coup de grace}
  3903 | D:3      | Reached skill level 6 in Axes
  3903 | D:3      | Reached XP level 6. HP: 26/55 MP: 5/5
  4144 | D:4      | Reached skill level 5 in Fighting
  4155 | D:4      | Found an iron altar of Okawaru.
  4255 | D:4      | Reached *** piety under Trog
  4736 | D:4      | Found a glowing silver altar of Zin.
  5200 | D:3      | Found a radiant altar of Vehumet.
  5663 | D:4      | Reached XP level 7. HP: 47/61 MP: 6/6
  6232 | D:5      | Entered Level 5 of the Dungeon
  6279 | D:5      | Found an ornate altar of the Wu Jian Council.
  6347 | D:5      | Reached skill level 7 in Axes
  6412 | D:5      | Reached skill level 5 in Armour
  6808 | D:5      | Found a stormy altar of Qazlal.
  6808 | D:5      | Found a shadowy altar of Dithmenos.
  7096 | D:5      | Reached skill level 8 in Axes
  7097 | D:5      | Reached **** piety under Trog
  7116 | D:5      | Reached XP level 8. HP: 69/70 MP: 7/7
  7125 | D:5      | Reached skill level 5 in Dodging
  7614 | D:6      | Reached skill level 9 in Axes
  7629 | D:6      | Found a staircase to the Ecumenical Temple.
  7693 | Temple   | Entered the Ecumenical Temple
  7900 | D:6      | Reached ***** piety under Trog
  8053 | D:6      | Noticed Edmund
  8077 | D:6      | Killed Edmund
  8078 | D:6      | Reached XP level 9. HP: 53/79 MP: 8/8
  8396 | D:6      | Found a shimmering altar of Xom.
  8456 | D:7      | Found a flagged portal.
  8492 | Bailey   | Entered a bailey
  8550 | Bailey   | Noticed an orc warlord
  8641 | Bailey   | Reached skill level 10 in Axes
  8655 | Bailey   | Found a runed translucent gate.
  8655 | Bailey   | Found a runed translucent gate.
  8655 | Bailey   | Found a runed translucent gate.
  8800 | Bailey   | Killed an orc warlord
  8801 | Bailey   | Reached skill level 11 in Axes
  8954 | D:7      | Acquired 794 gold pieces
  8958 | D:7      | Acquired 797 gold pieces
  9112 | D:7      | Found a broken altar of Ashenzari.
  9157 | D:7      | Found a runed translucent door.
  9161 | D:7      | Noticed anonymouscript's ghost (novice DjFE)
  9475 | D:7      | Found a sacrificial altar of Ru.
  9805 | D:8      | Noticed a two-headed ogre
  9809 | D:8      | Killed a two-headed ogre
  9810 | D:8      | Reached XP level 10. HP: 75/90 MP: 9/9
 10024 | D:8      | Reached skill level 12 in Axes
 10060 | D:8      | Found an ancient bone altar of Kikubaaqudgha.
 10150 | D:8      | Found a staircase to the Lair.
 10155 | D:8      | Noticed Grum
 10166 | D:8      | Killed Grum
 10274 | D:8      | Noticed Psyche
 10280 | D:8      | Killed Psyche
 10791 | D:9      | Reached skill level 13 in Axes
 10875 | D:9      | Reached XP level 11. HP: 99/99 MP: 10/10
 10881 | D:9      | Reached skill level 10 in Fighting
 11514 | D:9      | Found a basalt altar of Yredelemnul.
 11525 | D:9      | Reached ****** piety under Trog
 11790 | D:10     | Entered Level 10 of the Dungeon
 11871 | D:10     | Received a gift from Trog
 11993 | D:10     | Reached skill level 14 in Axes
 11993 | D:10     | Reached skill level 10 in Armour
 12105 | D:10     | Found an opulent altar of Gozag.
 12105 | D:10     | Found a bloodstained altar of Trog.
 12271 | D:11     | Found a staircase to the Orcish Mines.
 12662 | D:11     | Noticed a centaur warrior
 12668 | D:11     | Killed a centaur warrior
 12721 | D:11     | Noticed a centaur warrior
 12729 | D:11     | Noticed a boulder beetle
 12733 | D:11     | Reached skill level 15 in Axes
 12737 | D:11     | Killed a centaur warrior
 13189 | D:11     | Reached XP level 12. HP: 59/110 MP: 11/11
 13235 | D:11     | Found a radiant altar of Vehumet.
 13329 | D:11     | Noticed a boulder beetle
 13334 | D:11     | Reached skill level 10 in Dodging
 13475 | D:11     | Killed a boulder beetle
 13746 | D:11     | You fall into a shaft and drop 2 floors!
 13768 | D:13     | HP: 3/166 [skeletal warrior/+0 halberd (18)]
 13770 | D:13     | Demolished by a skeletal warrior

Illustrated notes

Levels and vault maps discovered:
D:1:      giann_wishing_wells, layout_basic
D:2:      layout_loops_ring, basic_ecumenical_altar,
          chequers_serial_rivers_large_b
D:3:      cheibrodos_helix_gallery, layout_loops_corners,
          mainiacjoe_overflow_paths, nicolae_overflow_ecumenical_swirl,
          serial_shops, nicolae_shop_overgrown_old_shop,
          dilly_guarded_unrand_throatcut
D:4:      minmay_evil_eye, layout_layer_cave, okawaru_ov_weapons_minmay,
          zin_statuary, kennysheep_flooded_box
D:5:      lemuel_ratsnest, layout_loops_cross, marbit_many_paths,
          jmf_multi_god_temple
D:6:      layout_basic, lemuel_tele_altar, minmay_temple_entry_antechambers,
          minmay_misc_feat_tower, uniq_edmund
D:7:      minmay_flawed_box, layout_basic, amcnicky_altar_gilded,
          nicolae_ru_the_path_less_chosen, ebering_ghost_reflecting_pool,
          enter_bailey_4
D:8:      layout_loops_cross, lemuel_zombie_altar_kikubaaqudgha,
          lair_entry_dummy, uniq_grum, uniq_psyche
D:9:      layout_layer_cave, lemuel_mausoleum_altar_yredelemnul
D:10:     layout_rooms, amethyst_overflow_temple_binary
D:11:     hangedman_cross_veins, layout_basic, orc_0_dummy, vehumet_statue
D:13:     layout_cave_pools
Temple:   nicolae_temple_superstar

Skill      XL: |  1  2  3  4  5  6  7  8  9 10 11 12 |
---------------+-------------------------------------+-----
Axes           | 4 5 6 8 9 11 13 15 | 15.8
Fighting       | 4 5 6 7 8 9 11 | 11.7
Armour         | 3 4 5 6 8 9 10 11 | 11.3
Dodging        | 3 4 6 7 8 9 10 | 10.4

Action                   |  1- 3 |  4- 6 |  7- 9 | 10-12 || total
-------------------------+-------+-------+-------+-------++-------
Melee: Hand axe          |    73 |   130 |   193 |       ||   396
       Headbutt          |     9 |    22 |    58 |    77 ||   166
       Punch             |       |     2 |     4 |     2 ||     8
       War axe           |       |       |   110 |       ||   110
       Broad axe         |       |       |    27 |   322 ||   349
Invok: Berserk           |     1 |     5 |     6 |     3 ||    15
       Trog's Hand       |       |       |     2 |     1 ||     3
       Brothers in Arms  |       |       |     2 |     2 ||     4
  Use: Scroll            |       |       |     2 |    14 ||    16
 Stab: Sleeping          |       |     1 |       |       ||     1
Armor: Animal skin       |     5 |    23 |     4 |       ||    32
       Plate armour      |       |       |   168 |   263 ||   431
Dodge: Dodged            |    52 |    80 |   144 |   180 ||   456
Block: Kite shield       |       |       |       |    35 ||    35
